 Dungeon Crawl Stone Soup version 0.30-a0-358-g0d69a1922f (webtiles) character file.

Game seed: 146201116743661937

66 retardedninja the Shield-Bearer (level 3, 0/33 HPs)
             Began as a Minotaur Fighter on Nov 9, 2022.
             Slain by a gnoll
             ... wielding a +0 flail
              (5 damage)
             ... on level 2 of the Dungeon.
             The game lasted 00:01:33 (1685 turns).

retardedninja the Shield-Bearer (Minotaur Fighter)  Turns: 1685, Time: 00:01:34

Health: 0/33       AC:  7    Str: 22    XL:     3   Next: 96%
Magic:  2/2        EV:  9    Int:  5    God:
Gold:   99         SH:  4    Dex:  9    Spells: 2/2 levels left

rFire   . . .      SeeInvis .    a - +0 war axe
rCold   . . .      Faith    .    c - +0 buckler
rNeg    . . .      Spirit   .    b - +0 scale mail
rPois   .          Reflect  .    (helmet restricted)
rElec   .          Harm     .    (no cloak)
rCorr   .          Rampage  .    (no gloves)
Will    .....                    (no boots)
Stlth   ..........               (no amulet)
HPRegen 0.25/turn                (no ring)
MPRegen 0.08/turn                (no ring)

@: mighty
A: horns 2, retaliatory headbutt
a: no special abilities


You were on level 2 of the Dungeon.
You visited 1 branch of the dungeon, and saw 2 of its levels.

You collected 99 gold pieces.

Inventory:

Hand Weapons
 a - a +0 war axe (weapon)
Armour
 b - a +0 scale mail (worn)
 c - a +0 buckler (worn)
Wands
 u - a wand of iceblast (4)
Scrolls
 e - 2 scrolls of noise {unknown}
 i - a scroll of enchant armour {unknown}
 j - a scroll of teleportation {unknown}
 k - a scroll of enchant weapon {unknown}
 l - a scroll of amnesia {unknown}
 m - 3 scrolls of identify {unknown}
 p - a scroll of fear {unknown}
 q - a scroll of magic mapping {unknown}
 r - a scroll of acquirement {unknown}
Potions
 d - a potion of might
 f - a potion of heal wounds {unknown}
 g - a potion of mutation {unknown}
 h - a potion of flight {unknown}
 n - a potion of attraction {unknown}
 o - a potion of degeneration {unknown}
 s - a potion of cancellation {unknown}
 t - a potion of haste {unknown}


   Skills:
 + Level 4.3 Fighting
 + Level 3.3 Axes
 + Level 4.2 Armour
 + Level 4.3 Shields


You had 2 spell levels left.
You didn't know any spells.
Your spell library contained the following spells:

 Spells                   Type           Power      Damage    Failure   Level
 Magic Dart               Conj           0%         1d3       87%         1
 Searing Ray              Conj           0%         2d4       95%         2
 Frozen Ramparts          Ice            0%         1d1       99%         3
 Ozocubu's Armour         Ice            0%         N/A       99%         3
 Fulminant Prism          Conj/Hex       0%         3d5       100%        4
 Ice Form                 Ice/Tmut       0%         N/A       100%        4
 Summon Ice Beast         Ice/Summ       0%         N/A       100%        4
 Ozocubu's Refrigeration  Ice            0%         4d7       100%        7


Dungeon Overview and Level Annotations

Branches:
Dungeon (2/15)

Altars:


Innate Abilities, Weirdness & Mutations

You have a pair of horns on your head.
You reflexively headbutt those who attack you in melee.


Message History

A gnoll comes into view. It is wielding a +0 halberd.
The gnoll shouts!
A gnoll comes into view. It is wielding a +0 halberd.
The gnoll shouts!
A gnoll comes into view. It is wielding a +0 flail.
The gnoll shouts!
A gnoll comes into view. It is wielding a +0 spear.
The hobgoblin hits you.
You closely miss the hobgoblin. You headbutt the hobgoblin.
The hobgoblin is moderately wounded.
The hobgoblin closely misses you. You furiously retaliate!
You headbutt the hobgoblin. The gnoll barely misses you.
You hit the hobgoblin.
You kill the hobgoblin!
The gnoll barely misses you. The gnoll hits you with a +0 halberd.
You block the gnoll's attack.
You see here a hobgoblin corpse.
You slash the gnoll! Your headbutt misses the gnoll.
The gnoll is heavily wounded.
The gnoll misses you. The gnoll hits you but does no damage.
The gnoll closely misses you. x2
You hit the gnoll. You headbutt the gnoll.
You kill the gnoll!
The gnoll hits you from afar with a +0 spear.
A frilled lizard comes into view.
The gnoll hits you from afar with a +0 halberd!
You barely miss the gnoll.
The frilled lizard hisses angrily.
You headbutt the gnoll.
The gnoll is lightly wounded.
The gnoll hits you but does no damage.
The gnoll hits you from afar with a +0 halberd!
* * * LOW HITPOINT WARNING * * *
The gnoll barely misses you.
You feel very mighty all of a sudden. You block the gnoll's attack.
The gnoll hits you from afar with a +0 spear.
* * * LOW HITPOINT WARNING * * *
The gnoll hits you with a +0 flail.
You die...

## #.# # #.##
..###.###.#####
..l..gg@......#
..###g###.###.#
# #.####.## #.#
##...# ##
#....# #....#
#.#### #.....#
#.#
#.....####.#


You could see 3 gnolls and a frilled lizard.

Vanquished Creatures
  A gnoll (D:2)
  An adder (D:2)
  A worm (D:2)
  2 dart slugs (D:1)
  4 endoplasms
  7 giant cockroaches
  3 hobgoblins (D:2)
  2 quokkas
  4 ball pythons
  3 bats
  2 frilled lizards
  A goblin (D:2)
  6 kobolds
  A rat (D:2)
38 creatures vanquished.

Notes
Turn   | Place    | Note
-------+----------+-------------------------------------------
     0 | D:1      | retardedninja the Minotaur Fighter began the quest for the
                  | Orb.
     0 | D:1      | Reached XP level 1. HP: 19/19 MP: 0/0
   504 | D:1      | Reached XP level 2. HP: 27/27 MP: 1/1
  1286 | D:2      | Reached XP level 3. HP: 33/33 MP: 2/2
  1685 | D:2      | Slain by a gnoll

Illustrated notes

Levels and vault maps discovered:
D:1:      shiori_shiawase, layout_rooms, serial_co_window_serial,
          co_window_paths_b, co_window_paths_b, co_window_paths_a,
          co_window_corner_a, co_window_of_opportunity_a,
          co_window_of_opportunity_a, co_window_paths_a, co_window_corner_a,
          co_window_corner_a, co_window_2corner, co_window_of_opportunity_b,
          co_window_unsneaky_path_c, co_window_corner_b, co_window_4corner_b,
          glass_columns_b, glass_columns_a, chequers_decorated_corner,
          minivault_26
D:2:      layout_loops_cross, minmay_worlds_worst_comb

Skill      XL: |  1  2 |
---------------+-------+-----
Shields        | 4 |  4.3
Fighting       | 4 |  4.3
Axes           | 3 |  3.3
Armour         | 4 |  4.2

Action                   || total
-------------------------++-------
Melee: War axe           ||    84
       Headbutt          ||     7
  Use: Potion            ||     1
Armor: Scale mail        ||    33
Dodge: Dodged            ||    32
Block: Buckler           ||    21

Table legend: (Time is in decaauts)
 A = Elapsed time spent in this place.
 B = Non-inter-level travel time spent in this place.
 C = Inter-level travel time spent in this place.
 D = Time resting spent in this place.
 E = Time spent auto-exploring this place.
 F = Levels seen in this place.
 G = Mean time per level.
                   A        B        C        D        E       F      G
               +--------+--------+--------+--------+--------+-----+--------+
         Total |   1719 |   1682 |     37 |      0 |   1440 |   2 |  859.5 |
       Dungeon |   1719 |   1682 |     37 |      0 |   1440 |   2 |  859.5 |
               +--------+--------+--------+--------+--------+-----+--------+

Top non-repeatable levels by time:
     D:1: 1125 daAuts
     D:2: 593 daAuts
